AoeStats
← len´s_goth

Arabia

510259077Analyzed
2v2 RM · 2d ago on Sep 30, 2026· 35m 4s· 4 players
Game mode
Random Map
Map size
Medium (4 player)
Population
200
Speed
Normal
Resources
Standard
Victory
Conquest
Starting age
Dark Age
Ending age
Imperial Age
RankedLock teamsTeams togetherTeam positionsShared explorationLock speedFull tech treeHidden civsTurbo modeCheats
Victory
Defeat
🇲🇽 Celts · Mexico
1063
+19
🇲🇽 Bulgarians · Mexico
1055
+19
🇦🇷 Persians · Argentina
1174
-21
🇨🇳 Franks · China
1085
-17
len´s_goth
7:12 Loom
10:22 Feudal Age
11:01 Arson
17:52 Forging
18:20 Scale Mail Armor
18:16 Town Watch
23:54 Castle Age
24:48 Squires
26:11 Iron Casting
28:07 Chain Mail Armor
27:57 Gambesons
31:02 Wheelbarrow
33:48 Town Patrol
35:25 Hand Cart
El_Terrible
6:43 Loom
9:43 Feudal Age
9:53 Man-at-Arms
13:10 Double-Bit Axe
15:18 Forging
23:21 Castle Age
25:28 Wheelbarrow
26:26 Horse Collar
27:56 Bow Saw
28:49 Heavy Plow
30:18 Iron Casting
29:04 Long Swordsman
29:38 Arson
29:45 Town Watch
30:40 Scale Mail Armor
32:21 Gold Mining
32:21 Stone Mining
33:24 Hand Cart
aaa916_
6:49 Loom
9:56 Feudal Age
16:27 Man-at-Arms
28:37 Castle Age
26:53 Double-Bit Axe
27:10 Gold Mining
29:26 Husbandry
YuYu
7:40 Loom
10:59 Feudal Age
11:33 Double-Bit Axe
11:29 Horse Collar
14:27 Forging
15:22 Bloodlines
18:25 Scale Barding Armor
25:38 Castle Age
26:26 Bow Saw
26:16 Heavy Plow
28:01 Wheelbarrow
29:17 Gold Mining
29:22 Stone Mining
29:50 Hand Cart
30:28 Chain Barding Armor
30:11 Husbandry
32:26 Stone Shaft Mining
32:30 Gold Shaft Mining
32:34 Iron Casting
Connection lost

Rejoining the realm…

Still unreachable

The connection could not be restored.

Session expired

The server has moved on; the page needs a fresh start.